 Dungeon Crawl Stone Soup version 0.27.1-34-g3ba077fa99 (webtiles) character file.

Game seed: 15956837985408103507

634 Arum the Skirmisher (level 7, 0/57 HPs)
             Began as a Formicid Fighter on Jan 3, 2022.
             Slain by a hornet (12 damage)
             ... on level 5 of the Dungeon.
             The game lasted 00:04:38 (4371 turns).

Arum the Skirmisher (Formicid Fighter)              Turns: 4371, Time: 00:04:39

Health: 0/57       AC:  9    Str: 21    XL:     7   Next: 79%
Magic:  7/7        EV:  9    Int:  7    God:
Gold:   281        SH: 10    Dex: 12    Spells: 6/6 levels left

rFire    . . .     SeeInvis +   a - +1 quarterstaff
rCold    . . .     Faith    .   f - +0 buckler
rNeg     . . .     Spirit   .   b - +0 scale mail
rPois    .         Reflect  +   (helmet unavailable)
rElec    .         Harm     .   (no cloak)
rCorr    .         Rampage  .   n - +1 pair of gloves
Will     .....                  (no boots)
Stlth    ..........             e - amulet of reflection
HPRegen  0.19/turn              (no ring)
MPRegen  0.10/turn              (no ring)

@: no status effects
A: permanent stasis, dig shafts and tunnels, antennae 3, four strong arms
a: Dig, Shaft Self


You were on level 5 of the Dungeon.
You visited 1 branch of the dungeon, and saw 5 of its levels.
You also visited: Ossuary.

You collected 281 gold pieces.

Inventory:

Hand Weapons
 a - a +1 quarterstaff (weapon)
Armour
 b - a +0 scale mail (worn)
 c - a +0 kite shield
 f - a +0 buckler (worn)
 l - a +0 tower shield
 n - a +1 pair of gloves (worn)
Jewellery
 e - an amulet of reflection (around neck)
 m - an amulet of faith
Wands
 s - a wand of acid (5)
Scrolls
 p - a scroll of enchant armour
 t - a scroll of enchant weapon
Potions
 d - a potion of might
 h - 3 potions of haste
 i - 5 potions of curing
 j - a potion of degeneration {unknown}
 k - a potion of invisibility {unknown}
 q - 2 potions of mutation {unknown}
 r - a potion of brilliance {unknown}
 u - 2 potions of attraction {unknown}


   Skills:
 + Level 5.9 Fighting
 + Level 4.9 Staves
 + Level 4.9 Armour
 - Level 5.2 Shields


You had 6 spell levels left.
You didn't know any spells.
Your spell library was empty.

Dungeon Overview and Level Annotations

Branches:
Dungeon (5/15)            Ossuary (visited)
 Temple: D:4-7

Altars:
Ashenzari


Innate Abilities, Weirdness & Mutations

You cannot be hasted, slowed, berserked, paralysed or teleported.
You can dig through walls and to a lower floor.
You have a pair of large antennae on your head. (SInv)
Your four strong arms can wield two-handed weapons with a shield.


Message History

You closely miss the hornet.
The hornet is moderately wounded.
The hornet stings you but does no damage.
The hornet stings you!
Your stasis prevents you from being slowed.
You are too injured to fight recklessly!
You are too injured to fight recklessly!
You are too injured to fight recklessly!
You are too injured to fight recklessly!
You are too injured to fight recklessly!
You are too injured to fight recklessly!
You are too injured to fight recklessly!
You are too injured to fight recklessly!
You are too injured to fight recklessly!
You are too injured to fight recklessly!
You are too injured to fight recklessly!
You are too injured to fight recklessly!
You are too injured to fight recklessly!
You are too injured to fight recklessly!
You are too injured to fight recklessly!
You block the hornet's attack.
A black bear comes into view.
You block the shadow imp's attack. The hornet stings you!
Your stasis prevents you from being slowed.
You see here a blue potion.
You closely miss the hornet.
The hornet is moderately wounded.
You block the hornet's attack. The hornet stings you!
* * * LOW HITPOINT WARNING * * *
Your stasis prevents you from being slowed.
Okay, then.
Aiming: Corrosive Bolt
Press: ? - help, Shift-Dir - straight line, f - shadow imp
Aim: a shadow imp (68% to hit)
The bolt of acid misses the hornet.
The bolt of acid hits the shadow imp!
The shadow imp is splashed with acid!
The acid corrodes the shadow imp!
You kill the shadow imp!
You hear an angry growl.
The hornet stings you!
You die...

#..#####...#
.........#.#
#.####..#.#
#..#.# #..#.#
#..#.# #..#.#
####.####..#.#
....:..@y..#
.###.####.##
(.# P♣. ♣≈ ≈P
≈♣ ≈♣h ≈ .≈{.
. ..


You could see a hornet.

Vanquished Creatures
  A black bear (D:4)
  An ogre (D:4)
  2 centaur zombies (Ossuary)
  3 human zombies (Ossuary)
  An orc priest (D:3)
  Natasha (D:4)
  2 mummies (Ossuary)
  A howler monkey zombie (D:4)
  3 gnolls (D:3)
  6 adders
  A shadow imp (D:5)
  An adder zombie (Ossuary)
  An adder skeleton (D:4)
  7 dart slugs
  9 orcs
  7 ball pythons
  11 endoplasms
  A giant cockroach (D:2)
  9 goblins
  6 hobgoblins
  A jackal (D:1)
  5 kobolds
  2 quokkas
  7 bats
  3 frilled lizards
  9 hobgoblin zombies (Ossuary)
  2 jackal zombies (Ossuary)
  9 kobold zombies (Ossuary)
  9 orc zombies (Ossuary)
  3 rats (D:1)
  A rat zombie (Ossuary)
125 creatures vanquished.

Notes
Turn   | Place    | Note
-------+----------+-------------------------------------------
     0 | D:1      | Arum the Formicid Fighter began the quest for the Orb.
     0 | D:1      | Reached XP level 1. HP: 18/18 MP: 1/1
   168 | D:1      | Reached XP level 2. HP: 20/24 MP: 2/2
   497 | D:1      | Reached XP level 3. HP: 27/30 MP: 3/3
   844 | D:1      | Found a faded altar of an unknown god.
  1209 | D:2      | Reached XP level 4. HP: 37/37 MP: 4/4
  1909 | D:3      | Reached XP level 5. HP: 42/42 MP: 5/5
  2037 | D:3      | Reached skill level 5 in Shields
  2651 | D:3      | Found a broken altar of Ashenzari.
  2817 | D:4      | Reached XP level 6. HP: 46/49 MP: 6/6
  2825 | D:4      | Found a sand-covered staircase.
  2834 | Ossuary  | Entered an ossuary
  2987 | Ossuary  | Reached skill level 5 in Fighting
  3066 | Ossuary  | Reached XP level 7. HP: 51/56 MP: 7/7
  4146 | D:4      | Noticed Natasha
  4152 | D:4      | Killed Natasha
  4343 | D:5      | Entered Level 5 of the Dungeon
  4360 | D:5      | Noticed a hornet
  4371 | D:5      | Slain by a hornet

Illustrated notes

Levels and vault maps discovered:
D:1:      dpeg_arrival_brainrot, layout_basic,
          hellmonk_ecumenical_altar_slurped_away
D:2:      layout_basic, kennysheep_generic_room_9
D:3:      layout_loops_ring, ashenzari_conservatory_becter,
          minmay_close_crescents
D:4:      layout_loops_corners, lightli_ossuary_entry_decrepit_ruins,
          uniq_natasha
D:5:      layout_loops_ring, hangedman_decor_diamond_cutter,
          minmay_misc_feat_tower, serial_bayou_pond_a, uniq_edmund

Skill      XL: |  1  2  3  4  5  6 |
---------------+-------------------+-----
Shields        | 4 5 |  5.2
Fighting       | 4 5 |  5.9
Staves         | 3 4 |  4.9
Armour         | 4 |  4.9

Action                   |  1- 3 |  4- 6 |  7- 9 || total
-------------------------+-------+-------+-------++-------
Melee: Quarterstaff      |    90 |   240 |    76 ||   406
Evoke: Wand              |       |       |     3 ||     3
  Use: Scroll            |       |     2 |     4 ||     6
Armor: Scale mail        |    25 |    80 |     9 ||   114
Dodge: Dodged            |    33 |    76 |    17 ||   126
Block: Kite shield       |    72 |   107 |       ||   179
       Reflection        |     1 |     2 |     1 ||     4
       Buckler           |       |    55 |    27 ||    82
